 Dungeon Crawl Stone Soup version 0.26-a0-665-gefeb406119 (webtiles) character file.

Game seed: 12906903312641751580

294 robertstho the Ruffian (level 6, -10/61 HPs)
             Began as a Troll Fighter on Oct 14, 2020.
             Killed by nerve-wracking pain
             ... invoked by an orc priest
              (14 damage)
             ... on level 4 of the Dungeon.
             The game lasted 00:02:59 (2198 turns).

robertstho the Ruffian (Troll Fighter)              Turns: 2198, Time: 00:03:00

Health: -10/61     AC: 12    Str: 26    XL:     6   Next: 11%
Magic:  5/5        EV:  8    Int:  5    God:
Gold:   150        SH:  0    Dex: 15    Spells: 5/5 levels left

rFire    . . .     SeeInvis .     - Unarmed
rCold    . . .     Faith    .   b - +0 kite shield
rNeg     . . .     Spirit   .   o - +0 swamp dragon scales
rPois    +         Reflect  .   (helmet restricted)
rElec    .         Harm     .   e - +0 cloak
rCorr    .         Rampage  .   (gloves unavailable)
MR       .....                  (boots unavailable)
Stlth    ..........             (no amulet)
HPRegen  0.60/turn              m - +6 ring of dexterity
MPRegen  0.09/turn              (no ring)

@: confused
A: large, unfitting armour, claws 3, regeneration 1, shaggy fur 1, tough skin 3
a: no special abilities


You were on level 4 of the Dungeon.
You visited 1 branch of the dungeon, and saw 4 of its levels.

You collected 150 gold pieces.

Inventory:

Armour
 a - a +0 robe
 b - a +0 kite shield (worn)
 e - a +0 cloak (worn)
 o - +0 swamp dragon scales (worn)
Jewellery
 m - a +6 ring of dexterity (left claw)
Scrolls
 g - 3 scrolls of identify {unknown}
 i - a scroll of teleportation {unknown}
 k - a scroll of remove curse {unknown}
 n - 2 scrolls of magic mapping {unknown}
 p - a scroll of noise {unknown}
 q - a scroll of amnesia {unknown}
 r - a scroll of enchant weapon {unknown}
Potions
 c - 4 potions of might
 d - a potion of haste {unknown}
 f - a potion of degeneration {unknown}
 h - 2 potions of curing {unknown}
 j - a potion of ambrosia
 l - a potion of heal wounds {unknown}


   Skills:
 * Level 3.2 Fighting
 + Level 0.3 Armour
 + Level 2.8 Dodging
 + Level 0.2 Stealth
 + Level 3.2 Shields
 * Level 4.9 Unarmed Combat


You had 5 spell levels left.
You didn't know any spells.
Your spell library contained the following spells:

 Spells                   Type           Power        Failure   Level
 Confusing Touch          Hex            #.......     100%        3
 Gell's Gravitas          Tloc           #.........   100%        3
 Petrify                  Tmut/Erth      #.......     100%        4
 Metabolic Englaciation   Hex/Ice        #.........   100%        5
 Yara's Violent Unravell  Hex/Tmut       #.........   100%        5


Dungeon Overview and Level Annotations

Branches:
Dungeon (4/15)
 Temple: D:4-7

Altars:
Gozag


Innate Abilities, Weirdness & Mutations

You are too large for most types of armour.
You have claws for hands.
Your natural rate of healing is unusually fast.
You are covered in fur. (AC +1)
You have extremely tough skin. (AC +3)


Message History

The orc priest calls down the wrath of Beogh upon you.
You barely resist. The orc hits you but does no damage.
You barely miss the orc priest.
The orc priest is almost dead.
The orc priest invokes the aid of Beogh against you.
Beogh smites you! You block the orc's attack.
The orc priest mumbles some strange prayers to Beogh against you.
Beogh smites you!
* * * LOW HITPOINT WARNING * * *
The orc hits you but does no damage.
It was a potion of ambrosia.
You are confused.
You feel invigorated.
The orc priest invokes the aid of Beogh against you.
Beogh smites you!
* * * LOW HITPOINT WARNING * * *
The orc hits you but does no damage.
The orc priest calls down the wrath of Beogh upon you.
Pain shoots through your body!
You die...

... .. ####### #.###.
###### †.....#
#...#.####.....#
##.##.###.###..........#
#.##..............[...+
##.##..##.####.........#
.<...........'..........
.#.###.##.####..oo......
...# #..#.# #..@o.>....
.### #..#.####...o......
######<######.#....
###....# .# ###
##......# #
##.......######
###....###......#
##....### #.####.#
(....## #....#.#


You could see 2 orc priests and 2 orcs.

Vanquished Creatures
  An ogre (D:4)
  A scorpion (D:4)
  An orc priest (D:4)
  A hound skeleton (D:4)
  2 adders
  2 worms
  A dart slug (D:2)
  3 leopard geckos
  9 orcs
  A giant cockroach (D:1)
  9 hobgoblins
  3 jackals (D:4)
  A quokka (D:2)
  A ball python (D:1)
  5 bats
  4 frilled lizards
  5 goblins
  6 kobolds
  9 rats
65 creatures vanquished.

Vanquished Creatures (others)
  An orc wizard (D:4)
1 creature vanquished.

Grand Total: 66 creatures vanquished

Notes
Turn   | Place    | Note
-------+----------+-------------------------------------------
     0 | D:1      | robertstho the Troll Fighter began the quest for the Orb.
     0 | D:1      | Reached XP level 1. HP: 22/22 MP: 0/0
   110 | D:1      | Reached XP level 2. HP: 29/29 MP: 1/1
   630 | D:2      | Reached XP level 3. HP: 27/36 MP: 2/2
   913 | D:2      | Found an opulent altar of Gozag.
  1180 | D:2      | Reached skill level 3 in Unarmed Combat
  1466 | D:3      | Reached XP level 4. HP: 44/44 MP: 3/3
  2029 | D:4      | Reached skill level 4 in Unarmed Combat
  2029 | D:4      | Reached XP level 5. HP: 44/52 MP: 4/4
  2045 | D:4      | Noticed an ogre
  2052 | D:4      | Killed an ogre
  2068 | D:4      | Reached XP level 6. HP: 43/61 MP: 5/5
  2198 | D:4      | Killed from afar by an orc priest

Illustrated notes

Levels and vault maps discovered:
D:1:      lightli_arrival_noodles, layout_basic
D:2:      minmay_spotlight, layout_basic, nicolae_gozag_seed_capital
D:3:      layout_basic
D:4:      layout_basic, serial_curves, eino_curves_02, eino_curves_02

Skill      XL: |  1  2  3  4  5 |
---------------+----------------+-----
Shields        | 3 |  3.2
Unarmed Combat | 3 4 |  4.9
Fighting       | 3 |  3.2
Armour         | |  0.3
Dodging        | |  2.8
Stealth        | |  0.2

Action                   |  1- 3 |  4- 6 || total
-------------------------+-------+-------++-------
Melee: Unarmed           |   146 |    63 ||   209
  Use: Potion            |       |     1 ||     1
 Stab: Sleeping          |     1 |       ||     1
Armor: Robe              |    28 |     3 ||    31
       Swamp dragon scal |       |    23 ||    23
Dodge: Dodged            |    47 |    15 ||    62
Block: Kite shield       |    61 |    27 ||    88

Table legend: (Time is in decaauts)
 A = Elapsed time spent in this place.
 B = Non-inter-level travel time spent in this place.
 C = Inter-level travel time spent in this place.
 D = Time resting spent in this place.
 E = Time spent auto-exploring this place.
 F = Levels seen in this place.
 G = Mean time per level.
                   A        B        C        D        E       F      G
               +--------+--------+--------+--------+--------+-----+--------+
         Total |   2201 |   2128 |     73 |      0 |   1681 |   4 |  550.2 |
       Dungeon |   2201 |   2128 |     73 |      0 |   1681 |   4 |  550.2 |
               +--------+--------+--------+--------+--------+-----+--------+

Top non-repeatable levels by time:
     D:2: 888 daAuts
     D:3: 599 daAuts
     D:1: 502 daAuts
     D:4: 211 daAuts
